 Dungeon Crawl Stone Soup version 0.17.2-1-ge4368a0 (webtiles) character file.

82 Goblin1989 the Scratcher (level 4, 0/28 HPs)
             Began as a Felid Transmuter on Oct 23, 2016.
             Succumbed to a worker ant's poison
             ... on level 4 of the Dungeon.
             The game lasted 00:07:26 (2156 turns).

Goblin1989 the Scratcher (Felid Transmuter)         Turns: 2156, Time: 00:07:26

Health: 0/28       AC: 24    Str:  6    XL:     4   Next: 21%
Magic:  8/8        EV:  4    Int: 14    God:
Gold:   165        SH:  0    Dex: 20    Spells: 3 memorised, 3 levels left
                                        Lives:  0   Deaths: 1

rFire  . . .     SeeInvis +       - Unarmed
rCold  . . .     Clarity  .     (armour unavailable)
rNeg   + + +     SustAt   .     (shield unavailable)
rPois  +         Gourm    .     (helmet unavailable)
rElec  .         Spirit   .     (cloak unavailable)
rCorr  .         Warding  .     (gloves unavailable)
rMut   .         NoTele   +     (boots unavailable)
MR     .....                    (no amulet)
Stlth  ++........               t - ring of wizardry
                                h - +2 ring of protection

@: lethally poisoned (0 -> -9), tree-form, not resistant to hostile
enchantments, unstealthy
A: no armour, no weapons or thrown items, (claws 0), (fangs 0), (molten scales
0), thin skeletal structure 1, see invisible, carnivore 3, (speed 0), (shaggy
fur 0), slow metabolism 1, (sharp paws)
a: no special abilities


You were on level 4 of the Dungeon.
You were not hungry.
You were a tree.
You visited 1 branch of the dungeon, and saw 4 of its levels.

You collected 165 gold pieces.

Inventory:

Missiles
 a - 65 arrows
 l - 17 arrows of dispersal
Jewellery
 h - a +2 ring of protection (left branch)
 t - a ring of wizardry (right branch)
Scrolls
 f - a scroll of remove curse {unknown}
 g - 2 scrolls of identify {unknown}
 i - 2 scrolls of enchant armour {unknown}
 j - a scroll of random uselessness {unknown}
 k - a scroll of fear {unknown}
 o - a scroll of magic mapping {unknown}
 p - a scroll of amnesia {unknown}
Potions
 q - 3 potions of flight {unknown}
 r - a potion of might
 s - a potion of agility {unknown}
Books
 b - a book of Changes

   Spells                             Type                      Level
   a - Beastly Appendage              Transmutation                1
   b - Sticks to Snakes               Transmutation                2
   c - Spider Form                    Transmutation/Poison         3
   d - Ice Form                       Ice/Transmutation            4
   e - Blade Hands                    Transmutation                5
 m - a book of Necromancy

   Spells                             Type                      Level
   a - Pain                           Necromancy                   1
   b - Animate Skeleton               Necromancy                   1
   c - Vampiric Draining              Necromancy                   3
   d - Regeneration                   Charms/Necromancy            3
   e - Animate Dead                   Necromancy                   4
   f - Control Undead                 Necromancy                   4
Comestibles
 c - a meat ration {@e2}
 n - a beef jerky


   Skills:
 + Level 2.2 Fighting
 + Level 3.8 Dodging
 * Level 4.6 Unarmed Combat
 + Level 2.4 Spellcasting
 - Level 1.0 Necromancy
 - Level 2.1 Transmutations


You had 3 spell levels left.
You knew the following spells:

 Your Spells              Type           Power        Failure   Level  Hunger
a - Beastly Appendage     Trmt           #.....       4%          1    #......
b - Sticks to Snakes      Trmt           #.........   7%          2    ###....
c - Animate Skeleton      Necr           N/A          7%          1    #......


Dungeon Overview and Level Annotations

Branches:
Dungeon (4/15)
 Temple: D:4-7

Altars:


Innate Abilities, Weirdness & Mutations

You cannot wear armour.
You are incapable of wielding weapons or throwing items.
((You have sharp claws.))
((You have razor-sharp teeth.))
You have supernaturally acute eyesight.
You are carnivorous and can eat meat at any time.
((You cover ground quickly.))
((You are covered in fur (AC +1).))
You have a slow metabolism.
((Your sharp claws are effective at attacking unaware monsters.))
((You are partially covered in molten scales (AC +1).))
You have a somewhat thin skeletal structure (Dex +2, Stealth).


Message History

The worker ant barely misses you.
You take 4 damage, and have 3/19 hp.
MASSIVE DAMAGE!!
You scratch the worker ant.
The worker ant is almost dead.
The worker ant bites you.
* * * LOW HITPOINT WARNING * * *
You are more poisoned.
The worker ant poisons you!
You take 1 damage, and have 2/19 hp.
Drink which item? (? for menu, Esc to quit)
It was a potion of mutation.
You feel extremely strange.
Molten scales grow over part of your body.
Your bones become slightly less dense.
* * * LOW HITPOINT WARNING * * *
You feel sick. The worker ant barely misses you.
You take 1 damage, and have 1/19 hp.
Drink which item? (? for menu, Esc to quit)
It was a potion of lignification.
You turn into a tree.
Your roots penetrate the ground.
You die...

████..█████
.█......█..
<........█.█ ▲███.
█.██████.█.█ .....
.........█.█......
...████.█.█......
.............█
...█████..██.█
█.♣...█ ██a.█.█
█....█ █..█.█
█..█.█ █... █ █...
....>


You could see a worker ant.

Vanquished Creatures
  A water moccasin (D:3)
  2 adders
  A worm (D:2)
  2 giant geckos (D:2)
  An orc (D:3)
  3 giant cockroaches (D:1)
  4 goblins
  5 hobgoblins
  5 kobolds
  7 bats
  3 giant newts
  2 jackals (D:2)
  9 rats
45 creatures vanquished.

Notes
Turn   | Place    | Note
--------------------------------------------------------------
     0 | D:1      | Goblin1989 the Felid Transmuter began the quest for the Orb.
     0 | D:1      | Reached XP level 1. HP: 9/9 MP: 4/4
   407 | D:1      | Reached XP level 2. HP: 10/12 MP: 6/6
   790 | D:2      | Learned a level 2 spell: Sticks to Snakes
   876 | D:2      | Learned a level 1 spell: Animate Skeleton
  1037 | D:2      | Reached XP level 3. HP: 12/15 MP: 7/7
  1505 | D:3      | Reached skill level 4 in Unarmed Combat
  1505 | D:3      | Reached skill level 1 in Necromancy
  1795 | D:3      | Noticed a water moccasin
  1813 | D:3      | Killed a water moccasin
  1813 | D:3      | Reached XP level 4. HP: 4/19 MP: 8/8
  1813 | D:3      | Reached XP level 5. HP: 4/22 MP: 9/9
  1816 | D:3      | HP: 1/22 [poisoned by a water moccasin]
  1817 | D:3      | Succumbed to a water moccasin's poison
  1818 | D:3      | Reached XP level 4. HP: 0/19 MP: 8/8
  2155 | D:4      | Gained mutation: You are partially covered in molten scales (AC +1). [potion of mutation]
  2155 | D:4      | Gained mutation: You have a somewhat thin skeletal structure (Dex +2, Stealth). [potion of mutation]
  2156 | D:4      | Succumbed to a worker ant's poison

Action                   |  1- 3 |  4- 6 || total
-------------------------+-------+-------++-------
Melee: Unarmed           |   123 |    15 ||   138
 Cast: Animate Skeleton  |     9 |     1 ||    10
  Use: Potion            |     4 |     2 ||     6
 Stab: Sleeping          |     6 |       ||     6
  Eat: Chunk             |     9 |     1 ||    10

Vault maps used:
D:1:      dpeg_arrival_arbitrary_b
D:4:      first_bread
